Map: Turbo Cruise '84 LE

Players

Mez - Winner!

  • Race: Terran Terran
  • League: Master
  • Spawn Location: 3:00

Provornuk

  • Race: Zerg Zerg
  • League: Master
  • Spawn Location: 7:00

VOD

Have the link to the VOD?

Description

Time

  • Played on: Aug. 15, 2019, 4:25 p.m.
  • Length: 9:42
Show
View Real Time Build Order
Export as new Build Order

Mez Terran - Winner!

Build Orders: Liberator Opening, Reaper Expand 

Get SALT Encoding   

  12  0:01  SCV  
  13  0:14  SCV  
  14  0:17  Supply Depot  
  14  0:26  SCV  
  15  0:39  SCV  
  15  0:41  Barracks  
  16  0:45  Refinery  
  16  0:51  SCV  
  17  1:03  SCV  
  18  1:15  SCV  
  19  1:29  Reaper, Orbital Command  
  20  1:41  Command Center  
  20  1:50  Supply Depot  
  20  1:56  SCV  
  20  2:00  Marine  
  22  2:09  SCV  
  22  2:12  Factory  
  23  2:21  SCV  
  23  2:22  Barracks Reactor  
  24  2:33  SCV  
  25  2:49  Command Center  
  25  2:53  SCV  
  25  2:54  Orbital Command  
  25  3:01  Starport  
  25  3:08  Refinery  
  25  3:15  Hellion  
  25  3:18  Hellion  
  29  3:21  SCV  
  29  3:26  SCV  
  31  3:28  Marine  
  32  3:36  SCV  
  32  3:38  SCV  
  33  3:41  Hellion  
  33  3:42  Hellion  
  33  3:44  Liberator  
  37  3:53  Orbital Command  
  35  4:06  Hellion x2, Orbital Command  
  35  4:07  Orbital Command  
  39  4:12  Barracks Tech Lab  
  39  4:20  SCV  
  40  4:32  Hellion x2  
  40  4:33  SCV x2  
  43  4:49  SCV x3  
  45  5:00  Starport Reactor  
  45  5:01  SCV x2  
  45  5:02  SCV  
  45  5:03  Stimpack  
  45  5:06  Factory Tech Lab  
  48  5:09  Engineering Bay, Barracks  
  48  5:11  Barracks  
  48  5:12  Engineering Bay  
  48  5:13  SCV x2  
  51  5:14  SCV  
  51  5:21  Marine, Supply Depot  
  52  5:22  Supply Depot  
  49  5:34  Siege Tank  
  49  5:38  SCV x3  
  51  5:49  Marine  
  49  5:50  SCV x2  
  49  5:55  Terran Infantry Armor Level 1, Terran Infantry Weapons Level 1  
  49  5:56  SCV  
  52  6:00  Starport Reactor  
  52  6:01  Marine x2  
  52  6:02  SCV  
  55  6:05  Marine  
  55  6:07  Marine  
  55  6:10  Supply Depot  
  57  6:12  Siege Tank  
  57  6:15  SCV  
  57  6:16  SCV x2  
  63  6:19  Marine x2  
  63  6:25  Marine  
  66  6:28  SCV x2  
  66  6:29  Marine x2, Supply Depot  
  70  6:33  Supply Depot  
  70  6:35  Refinery  
  70  6:36  Refinery, Medivac  
  70  6:37  Marine, Medivac  
  75  6:48  Marine x4  
  75  6:49  SCV x3  
  82  6:56  Supply Depot  
  82  7:01  SCV x3, Supply Depot  
  77  7:16  Marine x5  
  80  7:23  Supply Depot  
  80  7:24  Orbital Command  
  80  7:27  Siege Tank  
  80  7:29  Barracks  
  83  7:31  Barracks  
  83  7:34  Combat Shield, Marine x2  
  85  7:38  Armory, Medivac  
  87  7:45  Marine x3  
  87  7:46  SCV x2  
  87  7:49  Supply Depot  
  93  7:51  SCV  
  93  7:52  Supply Depot  
  93  7:56  Marine x2  
  93  7:58  SCV  
  96  7:59  Siege Tank  
  96  8:03  SCV x2, Marine x3  
  104  8:10  SCV  
  105  8:14  Marine, Supply Depot  
  105  8:15  SCV, Supply Depot  
  105  8:36  Marine  
  105  8:37  Marine x6  
  102  8:48  SCV x3  
  102  8:49  Supply Depot  
  102  8:50  Supply Depot  
  102  8:54  Marine  
  102  8:55  Marine x3  
  100  8:58  Barracks Reactor x2  
  100  9:00  SCV  
  100  9:01  SCV x2  
  98  9:02  Barracks  
  98  9:03  Barracks  
  98  9:04  Barracks  
  98  9:12  SCV  
  98  9:14  SCV  
Show
View Real Time Build Order
Export as new Build Order

Provornuk Zerg 

Build Orders: Hatch First 

Get SALT Encoding   

  12  0:00  Drone  
  13  0:13  Overlord  
  13  0:21  Drone  
  14  0:32  Drone x2  
  14  0:35  Drone  
  17  0:46  Drone  
  18  0:56  Hatchery  
  17  1:01  Drone, Extractor  
  17  1:08  Drone  
  18  1:20  Spawning Pool  
  18  1:24  Drone  
  18  1:30  Drone  
  19  1:55  Hatchery  
  18  2:07  Queen  
  18  2:08  Queen  
  22  2:13  Metabolic Boost  
  22  2:21  Drone x2  
  24  2:27  Drone, Extractor  
  24  2:30  Zergling x2  
  24  2:32  Zergling x2  
  25  2:44  Spine Crawler  
  26  2:55  Zergling x4  
  26  2:56  Overlord  
  28  3:13  Zergling x10  
  28  3:14  Zergling x2  
  28  3:16  Evolution Chamber  
  33  3:33  Drone x5  
  38  3:41  Drone x4  
  38  4:03  Zergling x4  
  38  4:04  Zergling x2  
  38  4:05  Overlord x3  
  41  4:10  Zerg Melee Weapons Level 1  
  41  4:13  Spore Crawler  
  41  4:14  Spore Crawler  
  32  4:47  Zergling x26  
  32  4:48  Zergling x2  
  32  4:52  Drone x4  
  49  5:04  Drone  
  49  5:15  Spore Crawler, Queen x3  
  49  5:16  Overlord  
  49  5:18  Drone  
  36  5:45  Drone  
  36  5:46  Drone x10  
  47  5:55  Drone x3  
  50  6:01  Zergling x6  
  53  6:05  Lair  
  53  6:10  Drone x2  
  53  6:11  Drone  
  56  6:15  Drone  
  56  6:16  Drone x3  
  56  6:18  Drone  
  61  6:27  Zergling x2  
  61  6:28  Zergling x6  
  61  6:32  Extractor  
  64  6:47  Drone x3  
  64  6:50  Zergling x6  
  64  6:51  Zergling x8  
  74  6:55  Hatchery  
  74  6:57  Extractor  
  67  7:11  Drone x7  
  67  7:12  Drone  
  64  7:17  Drone  
  64  7:18  Drone x3  
  68  7:24  Spire  
  68  7:29  Overlord  
  67  7:30  Overlord x5  
  67  7:34  Baneling Nest  
  66  7:38  Evolution Chamber  
  65  7:48  Drone x4  
  69  7:53  Zergling x10  
  74  7:58  Drone x2  
  74  7:59  Drone  
  74  8:03  Extractor  
  76  8:05  Extractor  
  76  8:09  Zergling x6  
  76  8:10  Zergling x2  
  79  8:16  Zergling x10  
  80  8:27  Zergling x10  
  80  8:30  Zergling x2  
  80  8:31  Zergling x4  
  80  8:32  Baneling  
  82  8:40  Zergling x2  
  82  8:41  Zergling x2  
  68  8:47  Queen x3  
  69  8:49  Zergling x4  
  65  9:01  Zergling x4  
  66  9:13  Zergling x2  
  66  9:14  Zergling x18  
  74  9:20  Zergling x2  
  74  9:21  Zergling x4  
  80  9:29  Drone x3  
  80  9:30  Drone  
Tags
 
Add a new tag
Caveats
  • Supply blocks, unpowered buildings, or Contaminate may cause inaccurate times.
  • Supply counts are checked every 10 seconds.